 Dungeon Crawl Stone Soup version 0.23.2-30-g0e89c35649 (webtiles) character file.

Game seed: 12393515288984505800

418574 RadRoach the Minotaur Blade (level 22, -2/202 HPs)
             Began as a Minotaur Berserker on June 7, 2019.
             Was a High Priest of Trog.
             Slain by NeAGen181's ghost (7 damage)
             ... on level 2 of the Crypt.
             The game lasted 02:03:08 (53700 turns).

RadRoach the Minotaur Blade (Minotaur Berserker)   Turns: 53700, Time: 02:03:10

Health: -2/202     AC: 37    Str: 26    XL:     22   Next: 29%
Magic:  33/33      EV: 22    Int: 11    God:    Trog [*****.]
Gold:   920        SH: 12    Dex: 28    Spells: 21/21 levels left

rFire    . . .     SeeInvis .   I - +3 double sword (holy)
rCold    + . .     Gourm    .   n - +1 buckler {AC+3}
rNeg     . . .     Faith    .   d - +8 chain mail of the Shining One's Fury {MR+ Int+3 Dex+3}
rPois    +         Spirit   .   g - +2 hat
rElec    .         Reflect  +   R - +1 cloak of Articulation {rPois Dex+6}
rCorr    .         Harm     .   x - +0 pair of gloves {Str+3}
MR       +++..                  i - +0 pair of boots
Stlth    ..........             B - +5 amulet of reflection
HPRegen  0.43/turn              t - +6 ring of protection
MPRegen  0.23/turn              N - ring of the Present {rC+ MR+ MP+9 Int+4}

@: lethally poisoned (-2 -> -2), berserk cooldown, hasted and slowed, very
heavily drained
A: retaliatory headbutt, horns 2
}: 3/15 runes: decaying, serpentine, silver
a: Berserk, Trog's Hand, Brothers in Arms, Renounce Religion


You were on level 2 of the Crypt.
You worshipped Trog.
Trog was extremely pleased with you.
You were near starving.

You visited 7 branches of the dungeon, and saw 38 of its levels.
You also visited: Trove, Sewer, Gauntlet and Volcano.

You collected 4279 gold pieces.
You spent 3359 gold pieces at shops.

Inventory:

Hand Weapons
 j - a +9 antimagic demon blade
 k - the +6 long sword "Veuttilu" {slice, rElec}
   (You bought it in a shop on level 10 of the Dungeon)

   It inflicts extra damage upon your enemies.
   It insulates you from electricity.
 I - a +3 double sword of holy wrath (weapon)
 L - a +3 scimitar of flaming
 P - the +8 great sword of Leuluodd {slice, Str+2 Dex+4}
   (Trog gifted it to you on level 4 of the Snake Pit)

   It inflicts extra damage upon your enemies.
   It affects your strength (+2).
   It affects your dexterity (+4).
Missiles
 A - 9 poisoned javelins
 D - 6 silver javelins (quivered)
 G - 4 javelins of penetration
 K - 4 steel javelins
 S - 15 javelins of returning
 U - 10 javelins
Armour
 d - the +8 chain mail of the Shining One's Fury (worn) {MR+ Int+3 Dex+3}
   (You found it on level 12 of the Dungeon)

   It affects your intelligence (+3).
   It affects your dexterity (+3).
   It affects your resistance to hostile enchantments.
 g - a +2 hat (worn)
 i - a +0 pair of boots (worn)
 n - a +1 buckler of protection (worn)
 x - a +0 pair of gloves of strength (worn)
 R - the +1 cloak of Articulation (worn) {rPois Dex+6}
   (You found it on level 4 of the Swamp)

   It affects your dexterity (+6).
   It protects you from poison.
Jewellery
 b - an uncursed ring of protection from cold
 t - a +6 ring of protection (left hand)
 B - a +5 amulet of reflection (around neck)
 N - the ring of the Present (right hand) {rC+ MR+ MP+9 Int+4}
   (You found it in a Gauntlet)

   [ring of magical power]

   It affects your intelligence (+4).
   It protects you from cold.
   It affects your resistance to hostile enchantments.
   It affects your magic capacity (+9).
Wands
 E - a wand of acid (33)
 J - a wand of iceblast (13)
 T - a wand of paralysis (29)
 X - a wand of clouds (5)
 Y - a wand of disintegration (44)
Scrolls
 e - 15 scrolls of remove curse
 h - 11 scrolls of enchant armour
 p - 16 scrolls of teleportation
 q - 8 scrolls of identify
 s - a scroll of silence
 C - a scroll of brand weapon
 F - 8 scrolls of fear
 O - a scroll of holy word
 Q - 3 scrolls of magic mapping
Potions
 a - 5 potions of flight
 f - 19 potions of curing
 l - 4 potions of magic
 m - 3 potions of resistance
 r - 5 potions of agility
 u - 9 potions of haste
 w - 2 potions of might
 z - 5 potions of brilliance
 H - 2 potions of cancellation
 M - 4 potions of invisibility
 V - 7 potions of lignification
 Z - a potion of ambrosia
Miscellaneous
 y - a phial of floods
Comestibles
 c - 46 rations


   Skills:
 - Level 18.0(12.8) Fighting
 + Level 23.7(17.9) Long Blades
 - Level 16.0(11.1) Throwing
 - Level 18.2(13.1) Armour
 - Level 20.0(14.6) Dodging
 - Level 5.0(1.2) Stealth
 - Level 5.0(1.3) Shields
 - Level 5.0(1.3) Evocations


You had 21 spell levels left.
You didn't know any spells.
Your spell library was empty.

Dungeon Overview and Level Annotations

Branches:
Dungeon (15/15)            Temple (0/1) D:4            Lair (6/6) D:9
  Swamp (4/4) Lair:2        Snake (4/4) Lair:2        Slime (0/5) Lair:5
    Orc (2/2) D:12            Elf (0/3) Orc:2        Vaults (5/5) D:13
  Crypt (1/3) Vaults:3     Depths (0/5) D:15

Altars:
Dithmenos
Elyvilon
Fedhas
Hepliaklqana
Kikubaaqudgha
Makhleb
Nemelex Xobeh
Okawaru
Qazlal
Sif Muna
Trog
Vehumet
Wu Jian
Xom
Yredelemnul
Zin
Beogh

Shops:
D:8 :   D:9 [   D:10 (   Orc:2 ?[%=   Snake:1 (   Snake:2 }=}   Vaults:2 (
Vaults:5 ?*(

Annotations:
D:6 1 runed translucent door
Crypt:2 NeAGen181's ghost, legendary HOFi


Innate Abilities, Weirdness & Mutations

You reflexively headbutt those who attack you in melee.
You have a pair of horns on your head.


Message History

You headbutt NeAGen181's ghost, but do no damage.
NeAGen181's ghost is heavily damaged.
Your ogre hits NeAGen181's ghost with a +0 giant club.
NeAGen181's ghost hits you but does no damage.
You hit NeAGen181's ghost but do no damage.
NeAGen181's ghost is heavily damaged.
You hit NeAGen181's ghost but do no damage.
You headbutt NeAGen181's ghost, but do no damage.
NeAGen181's ghost is heavily damaged.
You feel sick.
Your ogre closely misses NeAGen181's ghost.
NeAGen181's ghost hits you but does no damage.
You hit NeAGen181's ghost but do no damage.
You headbutt NeAGen181's ghost, but do no damage.
NeAGen181's ghost is heavily damaged.
Your ogre hits NeAGen181's ghost but does no damage.
NeAGen181's ghost hits you!!
* * * LOW HITPOINT WARNING * * *
NeAGen181's ghost burns you!
You die...

########## ........
#...... #.....
#....# #....# #..@.#
######..W.#
........O.#
#.......<.#
#.........##########
#..$................
#.##............#
####'''###...#
#.......##..#


You could see NeAGen181's ghost (dazed) and a friendly ogre (berserk).

Vanquished Creatures
  An ancient lich (Crypt:2)
  Mennas (Vaults:3)
  Bai Suzhen (Vaults:3)
  Vashnia (Snake:3)
  Saint Roka (Orc:2)
  Xtahua (Vaults:2)
  A golden dragon (Vaults:5)
  3 tentacled monstrosities (Vaults:5)
  3 titans (Vaults:5)
  3 liches (Crypt:2)
  5 sphinxes
  An ancient champion (Crypt:2)
  2 thorn hunters (Swamp:3)
  3 tengu reavers
  6 nagarajas
  4 storm dragons (Vaults:5)
  3 shadow dragons
  3 fire giants (Vaults:5)
  The ghost of u8823 the Severer, a journeyman DDFi of Makhleb (Swamp:4)
  A frost giant (Vaults:4)
  Aizul (Vaults:3)
  8 vault wardens
  3 deep elf sorcerers
  3 orc warlords
  2 curse skulls
  A war gargoyle (Vaults:5)
  12 ironheart preservers
  5 very ugly things
  14 stone giants
  An entropy weaver (Vaults:1)
  A large abomination (Vaults:5)
  5 deep elf annihilators
  A minotaur (Gauntlet)
  5 ettins
  3 deep elf death magi
  A jiangshi (Vaults:3)
  6 fire dragons
  A deep elf high priest (Vaults:5)
  A small abomination (Vaults:5)
  8 ogre magi
  14 yaktaur captains
  Josephine (Swamp:1)
  An ice dragon (Vaults:5)
  28 vault guards
  3 great orbs of eyes
  16 hydras
  A ghost crab (Swamp:2)
  9 naga warriors
  2 catoblepae
  7 centaur warriors
  3 death knights
  2 shambling mangroves (Swamp:3)
  14 anacondas
  20 two-headed ogres
  11 alligators
  4 death yaks
  3 deep troll shamans
  2 vampire magi (Vaults:3)
  13 naga sharpshooters
  5 orc high priests (Orc:2)
  Urug (Lair:6)
  7 shock serpents
  4 deep elf knights
  A sun demon (Volcano)
  A soul eater (Crypt:2)
  A storm dragon skeleton (Vaults:4)
  6 salamander mystics
  2 fire crabs
  17 skeletal warriors
  A shadow wraith (Vaults:3)
  9 deep trolls
  A glowing orange brain (Vaults:1)
  5 wizards
  An entropy weaver zombie (Crypt:2)
  An unseen horror (D:14)
  9 swamp dragons
  A spriggan druid (Swamp:4)
  3 flayed ghosts
  2 deep elf archers
  3 phantasmal warriors (Vaults:5)
  17 ironbrand convokers
  6 naga ritualists
  15 orc knights
  7 necromancers
  5 lindwurms
  7 deep elf magi
  A harpy (shapeshifter) (Vaults:4)
  An orb spider (shapeshifter) (Vaults:3)
  2 oklob plants
  32 ugly things
  7 orc sorcerers
  A frost giant zombie (Vaults:4)
  A human zombie (Vaults:4)
  A tengu skeleton (Vaults:4)
  11 mana vipers
  8 salamanders
  5 wolf spiders
  A cyclops (shapeshifter) (Vaults:5)
  5 cyclopes
  The ghost of Lokunos the Cudgeler, a novice TrBe of Trog (D:6)
  Maurice (Orc:1)
  9 guardian serpents
  23 black mambas
  A frost giant skeleton (Crypt:1)
  10 elephants
  A torpor snail (Lair:6)
  3 molten gargoyles (Lair:6)
  15 vault sentinels
  A stone giant skeleton (Vaults:3)
  A storm dragon simulacrum (Vaults:4)
  14 naga magi
  A pale draconian zombie (Crypt:1)
  5 freezing wraiths
  16 spiny frogs
  5 centaur skeletons
  3 spiny frogs (shapeshifter)
  4 gargoyles
  37 yaktaurs
  2 efreet
  2 rime drakes
  9 komodo dragons
  A yaktaur (shapeshifter) (D:15)
  2 yaktaur skeletons
  A queen bee (shapeshifter) (Vaults:1)
  2 red devils (Volcano)
  14 trolls
  A meliai (shapeshifter) (Vaults:3)
  3 meliai
  A shadow dragon simulacrum (Vaults:3)
  A polar bear (Lair:6)
  13 slime creatures
  10 bog bodies
  A hornet (shapeshifter) (Vaults:4)
  5 blink frogs
  7 tyrant leeches
  9 hornets
  7 hippogriffs
  A stone giant simulacrum (Vaults:2)
  11 dream sheep
  A hippogriff (shapeshifter) (Vaults:4)
  A meliai zombie (D:14)
  6 shadows
  A redback (Vaults:1)
  7 spriggans
  A spriggan (shapeshifter) (D:15)
  A fire elemental (Gauntlet)
  2 wyverns
  27 yaks
  11 wraiths
  5 fire bats
  A yak (shapeshifter) (Vaults:4)
  Grum (D:10)
  A human (shapeshifter) (Vaults:3)
  3 basilisks (Lair:6)
  A hungry ghost (D:11)
  A wind drake skeleton (Crypt:2)
  23 vampire mosquitoes
  3 steam dragons
  Edmund (D:6)
  A yaktaur simulacrum (Vaults:4)
  15 insubstantial wisps
  15 swamp worms
  8 wargs
  An acid dragon (Vaults:2)
  24 nagas
  9 water moccasins
  7 hell hounds
  2 porcupines
  A soldier ant (D:12)
  A black bear (shapeshifter) (D:14)
  11 swamp drakes
  A deep troll skeleton (Crypt:2)
  4 ice beasts
  64 orc warriors
  An orc zombie (Vaults:2)
  5 eyes of draining
  A phantom (D:9)
  2 sky beasts
  2 necrophages
  An ettin simulacrum (Vaults:2)
  26 ogres
  9 boggarts
  15 wolves
  12 centaurs
  3 human skeletons
  6 crocodiles
  3 big kobolds (D:7)
  11 bullfrogs
  A wyvern zombie (D:8)
  2 scorpions
  A water moccasin skeleton (D:11)
  4 human simulacra
  An elf simulacrum (Vaults:2)
  12 killer bees
  3 wights
  A howler monkey (D:11)
  2 electric eels (Lair:1)
  4 lava snakes (Lair:6)
  3 crimson imps
  3 hounds
  A quasit (D:6)
  29 orc priests
  5 jellies
  2 bullfrog skeletons
  4 iguanas
  26 orc wizards
  10 worker ants
  A hound zombie (D:8)
  4 gnolls (D:3)
  A howler monkey skeleton (D:5)
  11 adders
  5 river rats (Sewer)
  2 shadow imps
  2 adder zombies (D:8)
  2 adder skeletons (D:4)
  5 worms
  A dart slug (D:1)
  10 leopard geckos
  133 orcs
  11 giant cockroaches
  9 goblins
  8 hobgoblins
  20 jackals
  3 quokkas
  7 ball pythons
  5 bats
  5 frilled lizards
  A goblin skeleton (Crypt:2)
  A jackal skeleton (D:7)
  43 kobolds
  A leopard gecko zombie (D:9)
  35 rats
  A rat skeleton (Crypt:2)
  2 butterflies
1551 creatures vanquished.

Vanquished Creatures (collateral kills)
  A lich (Vaults:5)
  Rupert (Lair:6)
  A titan (Vaults:5)
  A sphinx (Vaults:5)
  2 tengu reavers (Vaults:5)
  A nagaraja (Snake:4)
  A deep elf sorcerer (Vaults:4)
  An ironheart preserver (Vaults:4)
  A stone giant (Vaults:4)
  A deep elf high priest (Vaults:5)
  A vault guard (Vaults:5)
  2 two-headed ogres (Vaults:5)
  A spriggan berserker (Swamp:4)
  A deep elf knight (Vaults:3)
  2 spriggans (Swamp:4)
  A phantasmal warrior (Vaults:5)
  3 deep elf magi (Vaults:4)
  4 oklob plants (Lair:5)
  A stone giant zombie (Vaults:4)
  2 moths of wrath (Swamp:4)
  2 vault sentinels (Vaults:4)
  A fire giant skeleton (Vaults:4)
  2 hornets (Swamp:4)
  A bog body (Swamp:2)
  A water moccasin (Lair:6)
  2 orc warriors
  An ogre (Vaults:5)
  A wolf (Lair:6)
  A human skeleton (Vaults:4)
  A crocodile (Lair:6)
  An orc wizard (Orc:2)
  A plant (Lair:5)
44 creatures vanquished.

Vanquished Creatures (others)
  Jory (Vaults:3)
  A hydra (Swamp:4)
  A shambling mangrove (Swamp:2)
  An unseen horror (shapeshifter) (Vaults:4)
  A lindwurm (Swamp:4)
  A komodo dragon (Lair:6)
  A tyrant leech (Swamp:3)
  3 steam dragons (Swamp:4)
  A basilisk (Lair:6)
  A vampire mosquito (Swamp:2)
  An insubstantial wisp (Swamp:2)
  4 swamp drakes (Swamp:4)
  An ice beast (shapeshifter) (Vaults:5)
  An orc priest (Orc:2)
  An ooze (D:3)
  2 orcs
  A bat (D:3)
  4 briar patches (Swamp:3)
  13 demonic plants (Gauntlet)
  10 fungi
  10 plants
60 creatures vanquished.

Grand Total: 1655 creatures vanquished

Notes
Turn   | Place    | Note
-------+----------+-------------------------------------------
     0 | D:1      | RadRoach the Minotaur Berserker began the quest for the
                  | Orb.
     0 | D:1      | Reached XP level 1. HP: 19/19 MP: 0/0
   269 | D:1      | Reached skill level 4 in Long Blades
   337 | D:1      | Reached XP level 2. HP: 23/26 MP: 1/1
   783 | D:2      | Reached skill level 5 in Long Blades
   810 | D:2      | Reached XP level 3. HP: 17/31 MP: 2/2
  1183 | D:2      | Found a stormy altar of Qazlal.
  1184 | D:2      | Found a white marble altar of Elyvilon.
  1184 | D:2      | Found an ancient bone altar of Kikubaaqudgha.
  1194 | D:2      | Found a sparkling altar of Nemelex Xobeh.
  1357 | D:2      | Reached ** piety under Trog
  1547 | D:3      | Reached skill level 6 in Long Blades
  1547 | D:3      | Reached XP level 4. HP: 39/39 MP: 3/3
  1814 | D:3      | Reached skill level 7 in Long Blades
  1814 | D:3      | Reached XP level 5. HP: 45/45 MP: 4/4
  1931 | D:3      | Found a radiant altar of Vehumet.
  1954 | D:3      | Found a blossoming altar of Fedhas.
  2556 | D:4      | Found a staircase to the Ecumenical Temple.
  2599 | D:4      | Reached *** piety under Trog
  2605 | D:4      | Found a glowing drain.
  2612 | Sewer    | Entered a sewer
  2698 | Sewer    | Reached skill level 8 in Long Blades
  2804 | Sewer    | Reached XP level 6. HP: 48/51 MP: 5/5
  2957 | Sewer    | Reached **** piety under Trog
  3598 | D:4      | Reached skill level 9 in Long Blades
  4082 | D:4      | Reached XP level 7. HP: 47/57 MP: 6/6
  4304 | D:5      | Entered Level 5 of the Dungeon
  4363 | D:5      | Reached skill level 10 in Long Blades
  4552 | D:5      | Found an ornate altar of the Wu Jian Council.
  4685 | D:5      | Found a burning altar of Makhleb.
  5044 | D:6      | Found a hazy altar of Hepliaklqana.
  5045 | D:6      | Found a shimmering altar of Xom.
  5045 | D:6      | Noticed a yak
  5046 | D:6      | Noticed a yak
  5046 | D:6      | Noticed a spectral ugly thing
  5053 | D:6      | Found a runed translucent door.
  5055 | D:6      | Noticed Lokunos's ghost (novice TrBe)
  5072 | D:6      | Killed Lokunos's ghost
  5072 | D:6      | Reached skill level 11 in Long Blades
  5072 | D:6      | Reached XP level 8. HP: 64/64 MP: 1/7
  5203 | D:6      | Noticed Edmund
  5212 | D:6      | Killed Edmund
  5212 | D:6      | Reached skill level 12 in Long Blades
  5256 | D:6      | Found an iron altar of Okawaru.
  5434 | D:6      | Found a glowing silver altar of Zin.
  5435 | D:6      | Found a runed translucent door.
  5435 | D:6      | Noticed an angel
  5644 | D:6      | Found a deep blue altar of Sif Muna.
  5870 | D:7      | You fall through a shaft!
  5965 | D:8      | Reached ***** piety under Trog
  5965 | D:8      | Reached skill level 13 in Long Blades
  6070 | D:7      | Noticed a hippogriff
  6079 | D:7      | Killed a hippogriff
  6192 | D:7      | Reached XP level 9. HP: 70/70 MP: 8/8
  6213 | D:7      | Reached skill level 14 in Long Blades
  6219 | D:7      | Found a shadowy altar of Dithmenos.
  6900 | D:8      | Received a gift from Trog
  6900 | D:8      | Reached skill level 5 in Armour
  6902 | D:8      | Found Tylu's Book Emporium.
  6975 | D:8      | Reached skill level 5 in Dodging
  8164 | D:9      | Found a basalt altar of Yredelemnul.
  8241 | D:9      | Found a staircase to the Lair.
  8423 | D:9      | Noticed a troll
  8435 | D:9      | Killed a troll
  8435 | D:9      | Reached XP level 10. HP: 47/77 MP: 9/9
  8634 | D:9      | Found Xehubit's Armour Emporium.
  8637 | D:9      | Bought a +3 chain mail of poison resistance for 376 gold
                  | pieces
  8965 | D:10     | Entered Level 10 of the Dungeon
  9026 | D:10     | Found Qomeoz's Antique Weapon Shoppe.
  9033 | D:10     | Bought a twisted long sword for 246 gold pieces
  9033 | D:10     | Identified the +6 long sword "Veuttilu" {slice, rElec} (You
                  | bought it in a shop on level 10 of the Dungeon)
  9260 | D:10     | Noticed Grum
  9281 | D:10     | Killed Grum
 10096 | D:11     | Reached skill level 10 in Armour
 10297 | D:11     | Noticed a purple ugly thing
 10316 | D:11     | Killed a purple ugly thing
 10316 | D:11     | Reached XP level 11. HP: 65/82 MP: 10/10
 10490 | D:11     | Received a gift from Trog
 10634 | D:11     | Noticed a green ugly thing
 10644 | D:11     | Killed a green ugly thing
 10814 | D:12     | Found a gate leading to a gauntlet.
 10817 | D:12     | Got a translucent chain mail
 10823 | Gauntlet | Entered a Gauntlet
 10823 | Gauntlet | Found a transporter.
 10823 | Gauntlet | Found a transporter.
 10827 | Gauntlet | Found a transporter.
 10827 | Gauntlet | Found a transporter.
 10851 | Gauntlet | Noticed a sun demon
 10853 | Gauntlet | Found a transporter.
 10855 | Gauntlet | Noticed a blizzard demon
 10856 | Gauntlet | Found a transporter.
 10859 | Gauntlet | Noticed a red ugly thing
 10861 | Gauntlet | Noticed a cyan ugly thing
 10861 | Gauntlet | Noticed a great orb of eyes
 10863 | Gauntlet | Found a transporter.
 10863 | Gauntlet | Found a transporter.
 10863 | Gauntlet | Noticed a hell beast
 10889 | Gauntlet | Found a transporter.
 10910 | Gauntlet | Found a transporter.
 10933 | Gauntlet | Identified the +8 chain mail of the Shining One's Fury {MR+
                  | Int+3 Dex+3} (You found it on level 12 of the Dungeon)
 10934 | Gauntlet | Noticed a catoblepas
 10934 | Gauntlet | Found a transporter.
 10946 | Gauntlet | Killed a catoblepas
 10946 | Gauntlet | Reached skill level 10 in Dodging
 11011 | Gauntlet | Got a vibrating ivory amulet
 11014 | Gauntlet | Identified the amulet of Cowardice {Harm *Drain Str+3} (You
                  | found it in a Gauntlet)
 11018 | Gauntlet | Found a transporter.
 11032 | Gauntlet | Found a transporter.
 11052 | Gauntlet | Got a glittering tin ring
 11075 | Gauntlet | Identified the ring of the Present {rC+ MR+ MP+9 Int+4}
                  | (You found it in a Gauntlet)
 11086 | Gauntlet | Found a transporter.
 11144 | Gauntlet | Killed a red ugly thing
 11152 | Gauntlet | Killed a great orb of eyes
 11161 | Gauntlet | Killed a cyan ugly thing
 11346 | Gauntlet | Noticed a minotaur
 11360 | Gauntlet | Killed a minotaur
 11790 | D:12     | Found a staircase to the Orcish Mines.
 12021 | D:13     | Noticed a wizard
 12022 | D:13     | Noticed a two-headed ogre
 12032 | D:13     | Killed a two-headed ogre
 12040 | D:13     | Killed a wizard
 12202 | D:13     | Found a gate to the Vaults.
 12203 | D:13     | Noticed a wizard
 12211 | D:13     | Killed a wizard
 12211 | D:13     | Reached skill level 5 in Fighting
 12428 | D:13     | Reached XP level 12. HP: 95/95 MP: 11/11
 12878 | Lair:1   | Entered Level 1 of the Lair of Beasts
 13740 | Lair:2   | Noticed a four-headed hydra
 13746 | Lair:2   | Killed a one-headed hydra
 13747 | Lair:2   | Reached skill level 10 in Fighting
 13965 | Lair:2   | Found a staircase to the Snake Pit.
 14199 | Lair:2   | Found a staircase to the Swamp.
 14658 | Snake:1  | Entered Level 1 of the Snake Pit
 14771 | Lair:3   | Noticed a seven-headed hydra
 14779 | Lair:3   | Killed a four-headed hydra
 14937 | Lair:3   | Received a gift from Trog
 15166 | Lair:3   | Found a shimmering altar of Xom.
 15485 | Lair:4   | Identified 3 scrolls of acquirement
 15502 | Lair:4   | Found a dark tunnel.
 15513 | Volcano  | Entered a volcano
 15555 | Volcano  | Reached skill level 5 in Throwing
 15606 | Volcano  | Reached XP level 13. HP: 116/118 MP: 12/12
 15876 | Lair:4   | Reached skill level 1 in Shields
 15886 | Lair:4   | Received a gift from Trog
 16952 | Lair:5   | Reached skill level 5 in Shields
 17028 | Lair:5   | Found a staircase to the Slime Pits.
 17678 | Lair:6   | Entered Level 6 of the Lair of Beasts
 17678 | Lair:6   | Noticed Rupert
 17683 | Lair:6   | Killed Rupert
 17742 | Lair:6   | Reached skill level 10 in Throwing
 17775 | Lair:6   | Reached skill level 1 in Evocations
 17876 | Lair:6   | Found a large runed translucent door.
 17878 | Lair:6   | Found a large runed translucent door.
 17878 | Lair:6   | Noticed a fire dragon
 17884 | Lair:6   | Received a gift from Trog
 18033 | Lair:6   | Reached skill level 5 in Evocations
 18033 | Lair:6   | Reached XP level 14. HP: 123/126 MP: 16/16
 18557 | Lair:6   | Noticed Urug
 18574 | Lair:6   | Received a gift from Trog
 18574 | Lair:6   | Reached skill level 15 in Armour
 18590 | Lair:6   | Killed Urug
 19442 | Orc:1    | Entered Level 1 of the Orcish Mines
 19963 | Orc:1    | Noticed Maurice
 19967 | Orc:1    | Killed Maurice
 20074 | Orc:2    | Entered Level 2 of the Orcish Mines
 20470 | Orc:2    | Found a staircase to the Elven Halls.
 20523 | Orc:2    | Reached ****** piety under Trog
 20523 | Orc:2    | Received a gift from Trog
 20683 | Orc:2    | Noticed an orc warlord
 20701 | Orc:2    | Killed an orc warlord
 21040 | Orc:2    | Found Vaint's Jewellery Boutique.
 21064 | Orc:2    | Bought a cursed ring of attention for 63 gold pieces
 21085 | Orc:2    | Found a roughly hewn altar of Beogh.
 21226 | Orc:2    | Found Ezan's Food Shop.
 21507 | Orc:2    | Received a gift from Trog
 21517 | Orc:2    | Found a roughly hewn altar of Beogh.
 21517 | Orc:2    | Noticed Saint Roka
 21890 | Orc:2    | Received a gift from Trog
 21891 | Orc:2    | Got a crystal falchion {god gift}
 21895 | Orc:2    | Identified the +8 falchion of Untimely Demise {speed,
                  | Str+7} (Trog gifted it to you on level 2 of the Orcish
                  | Mines)
 21939 | Orc:2    | Killed Saint Roka
 22037 | Orc:2    | Found Deiqedei's Armour Boutique.
 22161 | Orc:2    | Reached XP level 15. HP: 104/132 MP: 17/17
 22277 | Orc:2    | Found Edghomit's Magic Scroll Emporium.
 22374 | Orc:2    | Bought a scroll of teleportation for 48 gold pieces
 22374 | Orc:2    | Bought a scroll of identify for 32 gold pieces
 22374 | Orc:2    | Bought a scroll of identify for 32 gold pieces
 22374 | Orc:2    | Bought a scroll of identify for 32 gold pieces
 22374 | Orc:2    | Bought a scroll of identify for 32 gold pieces
 22387 | Orc:2    | Reached skill level 5 in Stealth
 22387 | Orc:2    | Reached XP level 16. HP: 139/139 MP: 18/18
 23654 | D:14     | Identified the +5 chain mail of Eternity {Dex+2}
 23853 | D:15     | Entered Level 15 of the Dungeon
 24457 | D:14     | Received a gift from Trog
 24674 | D:14     | Received a gift from Trog
 24719 | D:15     | Found a staircase to the Depths.
 24978 | D:15     | Found an ornate altar of the Wu Jian Council.
 25307 | Swamp:1  | Entered Level 1 of the Swamp
 25416 | Swamp:1  | Noticed Josephine
 25443 | Swamp:1  | Killed Josephine
 26229 | Swamp:2  | Received a gift from Trog
 26844 | Swamp:2  | Received a gift from Trog
 27043 | Swamp:2  | Got a glittering turquoise ring
 27044 | Swamp:2  | Identified the ring of Paenu {-Tele rF+ Str+2 Slay+5} (You
                  | acquired it on level 2 of the Swamp)
 27537 | Swamp:3  | Noticed a thorn hunter
 27559 | Swamp:3  | Killed a thorn hunter
 27961 | Swamp:3  | Noticed a thorn hunter
 27987 | Swamp:3  | Killed a thorn hunter
 27989 | Swamp:3  | Reached XP level 17. HP: 129/154 MP: 19/19
 28316 | Swamp:3  | Reached skill level 15 in Dodging
 29080 | Swamp:4  | Entered Level 4 of the Swamp
 29257 | Swamp:4  | Received a gift from Trog
 29581 | Swamp:4  | Reached skill level 15 in Fighting
 29655 | Swamp:4  | Received a gift from Trog
 29940 | Swamp:4  | Found a transporter.
 29941 | Swamp:4  | Identified the cursed +1 spear "Meyh" {pierce, SInv}
 29942 | Swamp:4  | Noticed u8823's ghost (journeyman DDFi)
 29947 | Swamp:4  | Found a bloodstained altar of Trog.
 29964 | Swamp:4  | Identified the +6 broad axe "Ipoqatyx" {antimagic, rC+
                  | Dex+4}
 29976 | Swamp:4  | Found a transporter.
 29980 | Swamp:4  | Identified the +1 dagger of Gluttony {holy, -Tele rElec
                  | MR++ Int+3}
 30034 | Swamp:4  | Received a gift from Trog
 30040 | Swamp:4  | Killed u8823's ghost
 30299 | Swamp:4  | Got a jewelled cloak
 30310 | Swamp:4  | Identified the +1 cloak of Articulation {rPois Dex+6} (You
                  | found it on level 4 of the Swamp)
 30446 | Swamp:4  | Got a decaying rune of Zot
 31322 | Snake:1  | Found Beusaga's Antique Weapon Shop.
 31327 | Snake:1  | Bought an ichor-stained scimitar for 306 gold pieces
 31327 | Snake:1  | Identified the +7 scimitar of Muad {antimagic, *Contam +Fly
                  | rPois Int+4} (You bought it in a shop on level 1 of the
                  | Snake Pit)
 31454 | Snake:1  | Received a gift from Trog
 32108 | Snake:2  | Received a gift from Trog
 32642 | Snake:2  | Found Bewuips's Gadget Boutique.
 32643 | Snake:2  | Found Vafun's Jewellery Emporium.
 32644 | Snake:2  | Found Fobow's Gadget Boutique.
 32892 | Snake:3  | Noticed Vashnia
 33279 | Snake:3  | Killed Vashnia
 33824 | Snake:4  | Entered Level 4 of the Snake Pit
 34258 | Snake:4  | Reached XP level 18. HP: 150/163 MP: 20/20
 34617 | Snake:4  | Reached skill level 15 in Long Blades
 34628 | Snake:4  | Received a gift from Trog
 35214 | Snake:4  | Found a shimmering altar of Xom.
 36993 | Snake:4  | Received a gift from Trog
 37015 | Snake:4  | Reached skill level 16 in Long Blades
 37018 | Snake:4  | Received a gift from Trog
 37206 | Snake:4  | Got a dazzling great sword {god gift}
 37216 | Snake:4  | Identified the +8 great sword of Leuluodd {slice, Str+2
                  | Dex+4} (Trog gifted it to you on level 4 of the Snake Pit)
 37219 | Snake:4  | Got a serpentine rune of Zot
 37565 | Vaults:1 | Entered Level 1 of the Vaults
 38191 | Vaults:1 | Reached skill level 17 in Long Blades
 38218 | Vaults:1 | Got a pitted garnet amulet
 38220 | Vaults:1 | Identified the amulet "Hogos Kes" {Gourm *Slow rElec MR++
                  | Int-4} (You acquired it on level 1 of the Vaults)
 38312 | Vaults:1 | Reached XP level 19. HP: 170/170 MP: 21/21
 38403 | Vaults:1 | Received a gift from Trog
 38805 | Vaults:1 | Received a gift from Trog
 38974 | Vaults:1 | Found a portal to a secret trove of treasure.
 38998 | Vaults:1 | Reached skill level 18 in Long Blades
 39395 | Snake:1  | Bought a glowing demon whip for 612 gold pieces
 39657 | Vaults:1 | You paid a toll of a +5 demon whip to enter a treasure
                  | trove
 39658 | Trove    | Entered a treasure trove
 39686 | Trove    | Got a clouded pewter amulet
 39688 | Trove    | Got a pitted silver amulet
 39692 | Trove    | Identified the amulet "Obbed" {+Rage rN+ Int+4} (You found
                  | it in a treasure trove)
 39694 | Trove    | Identified the amulet "Xaycu" {Harm *Drain +Fly Dex+5} (You
                  | found it in a treasure trove)
 39699 | Trove    | Got a twitching crystal amulet
 39701 | Trove    | Identified the amulet of Vygur {Gourm +Fly rC+++ Str-3
                  | Stlth+} (You found it in a treasure trove)
 40442 | Vaults:2 | Noticed Xtahua
 40453 | Vaults:2 | Killed Xtahua
 41051 | Vaults:2 | Reached skill level 19 in Long Blades
 41079 | Vaults:2 | Received a gift from Trog
 41968 | Vaults:2 | Found Estim's Weapon Boutique.
 41994 | Vaults:2 | Reached skill level 20 in Long Blades
 42234 | Vaults:2 | You fall through a shaft for 2 floors!
 42240 | Vaults:4 | Received a gift from Trog
 42795 | Vaults:3 | Reached skill level 21 in Long Blades
 42867 | Vaults:3 | Received a gift from Trog
 43240 | Vaults:3 | Noticed Bai Suzhen
 43254 | Vaults:3 | Killed Bai Suzhen
 43254 | Vaults:3 | Reached XP level 20. HP: 169/178 MP: 22/22
 43279 | Vaults:3 | Noticed Aizul
 43294 | Vaults:3 | Killed Aizul
 43972 | Vaults:3 | Reached skill level 22 in Long Blades
 44032 | Vaults:3 | Noticed Mennas
 44065 | Vaults:3 | Killed Mennas
 44627 | Vaults:3 | Found a staircase to the Crypt.
 44681 | Vaults:3 | Received a gift from Trog
 44923 | Vaults:3 | Noticed Jory
 44943 | Vaults:3 | Killed Jory
 46461 | Vaults:4 | Found the +5 robe of Misfortune {*Contam Harm *Corrode
                  | *Drain *Slow EV+5}
 46477 | Vaults:4 | Received a gift from Trog
 47571 | Vaults:5 | Entered Level 5 of the Vaults
 47614 | Vaults:4 | Received a gift from Trog
 47986 | Vaults:4 | Reached XP level 21. HP: 148/187 MP: 23/23
 48181 | Vaults:4 | Received a gift from Trog
 48792 | Vaults:5 | Noticed a golden dragon
 48817 | Vaults:5 | Killed a golden dragon
 48960 | Vaults:5 | Identified the +3 mace "Veakk" {crush, *Corrode rC+ Dex+3}
 48989 | Vaults:5 | Received a gift from Trog
 49028 | Vaults:5 | Reached skill level 15 in Throwing
 49276 | Vaults:5 | Received a gift from Trog
 49692 | Vaults:5 | Got a silver rune of Zot
 49709 | Vaults:5 | Identified the +5 morningstar "Uzeliog" {protect, rElec
                  | rC++ Stlth+}
 49906 | Vaults:5 | Identified the cursed +1 hand crossbow "Jenaajae"
                  | {velocity, +Inv rPois MR- Stlth+}
 50071 | Vaults:5 | Received a gift from Trog
 50700 | Vaults:5 | Found Fyub's Food Shop.
 50700 | Vaults:5 | Found Jojostas's Magic Scroll Emporium.
 50704 | Vaults:5 | Bought a ration for 65 gold pieces
 50704 | Vaults:5 | Bought a ration for 65 gold pieces
 50704 | Vaults:5 | Bought a ration for 65 gold pieces
 50704 | Vaults:5 | Bought a ration for 65 gold pieces
 50704 | Vaults:5 | Bought a ration for 65 gold pieces
 50704 | Vaults:5 | Bought a ration for 65 gold pieces
 50704 | Vaults:5 | Bought a ration for 65 gold pieces
 50704 | Vaults:5 | Bought a ration for 65 gold pieces
 50704 | Vaults:5 | Bought a ration for 65 gold pieces
 50704 | Vaults:5 | Bought a ration for 65 gold pieces
 50711 | Vaults:5 | Bought a scroll of enchant armour for 75 gold pieces
 50711 | Vaults:5 | Bought a scroll of blinking for 75 gold pieces
 50711 | Vaults:5 | Bought a scroll of teleportation for 30 gold pieces
 50711 | Vaults:5 | Bought a scroll of fear for 35 gold pieces
 50711 | Vaults:5 | Bought a scroll of teleportation for 30 gold pieces
 50711 | Vaults:5 | Bought a scroll of fear for 35 gold pieces
 50711 | Vaults:5 | Bought a scroll of teleportation for 30 gold pieces
 50711 | Vaults:5 | Bought a scroll of teleportation for 30 gold pieces
 50733 | Vaults:5 | Found Xoikkytejo's Magic Scroll Boutique.
 50740 | Vaults:5 | Bought a scroll of identify for 28 gold pieces
 50740 | Vaults:5 | Bought 2 scrolls of identify for 56 gold pieces
 50740 | Vaults:5 | Bought a scroll of identify for 28 gold pieces
 50740 | Vaults:5 | Bought 2 scrolls of holy word for 210 gold pieces
 50740 | Vaults:5 | Bought a scroll of magic mapping for 49 gold pieces
 50740 | Vaults:5 | Bought a scroll of identify for 28 gold pieces
 50740 | Vaults:5 | Bought a scroll of fear for 49 gold pieces
 50740 | Vaults:5 | Bought a scroll of fear for 49 gold pieces
 50752 | Vaults:5 | Found Xuluissax's Assorted Antiques.
 50766 | Vaults:5 | Bought 2 fuming blue potions for 93 gold pieces
 50854 | Vaults:5 | Reached XP level 22. HP: 185/202 MP: 24/24
 51657 | Vaults:5 | Found Syrogg's Antique Weapon Shoppe.
 52672 | Crypt:1  | Entered Level 1 of the Crypt
 52844 | Crypt:1  | Reached skill level 23 in Long Blades
 52945 | Crypt:1  | You fall through a shaft!
 53646 | Crypt:2  | Found a runed translucent gate.
 53646 | Crypt:2  | Found a runed translucent gate.
 53646 | Crypt:2  | Found a runed translucent gate.
 53646 | Crypt:2  | Found an ancient bone altar of Kikubaaqudgha.
 53646 | Crypt:2  | Noticed NeAGen181's ghost (legendary HOFi)
 53646 | Crypt:2  | Noticed an ancient lich
 53672 | Crypt:2  | Killed an ancient lich
 53678 | Crypt:2  | HP: 8/202 [balrug/bolt of fire[a lich] (10)]
 53700 | Crypt:2  | HP: 5/202 [NeAGen181's ghost (25)]
 53700 | Crypt:2  | Slain by NeAGen181's ghost

Skill      XL: |  1  2  3  4  5  6  7  8  9 10 11 12 13 14 15 16 17 18 19 20 21 22 |
---------------+-------------------------------------------------------------------+-----
Long Blades    | 4 5 6 7 8 9 11 13 14 17 21 22 23 | 23.7
Armour         | 7 10 14 18 | 18.2
Dodging        | 6 9 10 14 18 20 | 20.0
Fighting       | 5 12 14 15 18 | 18.0
Throwing       | 5 10 14 16 | 16.0
Shields        | 5 |  5.0
Evocations     | 5 |  5.0
Stealth        | 5 |  5.0

Action                   |  1- 3 |  4- 6 |  7- 9 | 10-12 | 13-15 | 16-18 | 19-21 | 22-24 || total
-------------------------+-------+-------+-------+-------+-------+-------+-------+-------++-------
Melee: Falchion          |    83 |   107 |       |       |    71 |    18 |       |       ||   279
       Headbutt          |    10 |    32 |    79 |   109 |   226 |   524 |   784 |   106 ||  1870
       Long sword        |       |    84 |   327 |   397 |   559 |  1044 |  1508 |    60 ||  3979
       Scimitar          |       |       |       |     7 |    26 |    90 |       |       ||   123
       Rapier            |       |       |       |       |     5 |       |       |       ||     5
       Great sword       |       |       |       |       |       |    83 |    71 |       ||   154
       Double sword      |       |       |       |       |       |       |       |   137 ||   137
 Fire: Blowgun           |       |       |     6 |       |       |       |       |       ||     6
Throw: Javelin           |       |       |       |       |       |    61 |    90 |     2 ||   153
Invok: Berserk           |     2 |     4 |     7 |     6 |     6 |     9 |    11 |     3 ||    48
       Trog's Hand       |       |       |     1 |     1 |     3 |     5 |     5 |     1 ||    16
       Brothers in Arms  |       |       |       |       |     3 |     5 |     8 |     2 ||    18
Evoke: Wand              |       |       |       |       |       |     7 |     9 |       ||    16
  Use: Scroll            |       |     4 |     4 |    12 |    10 |    17 |    15 |    10 ||    72
       Potion            |       |       |     1 |       |     2 |     3 |     4 |     6 ||    16
 Stab: Sleeping          |     1 |       |       |       |       |       |       |       ||     1
       Distracted        |       |       |     1 |       |       |       |     3 |       ||     4
       Confused          |       |       |       |       |       |     1 |       |       ||     1
       Paralysed         |       |       |       |       |       |       |     1 |       ||     1
  Eat: Chunk             |     4 |    12 |    18 |    18 |    20 |    33 |    35 |       ||   140
       Ration            |       |       |     1 |     4 |     2 |     9 |     7 |     3 ||    26
Armor: Animal skin       |    29 |     2 |       |       |       |       |       |       ||    31
       Leather armour    |       |     5 |       |       |       |       |       |       ||     5
       Ring mail         |       |    81 |   108 |       |       |       |       |       ||   189
       Chain mail        |       |       |       |   217 |   181 |   515 |   531 |   121 ||  1565
Dodge: Dodged            |    50 |   105 |   189 |   247 |   331 |  1142 |  1348 |   142 ||  3554
Block: Buckler           |       |       |       |       |   128 |   377 |       |    66 ||   571
       Other             |       |       |       |       |       |       |   268 |    17 ||   285
       Reflection        |       |       |       |       |       |       |    19 |     2 ||    21
       Rpst.: Falchion   |    15 |    16 |       |       |     4 |       |       |       ||    35
       Long sword        |       |    15 |    46 |    54 |    54 |   166 |   228 |     7 ||   570
       Scimitar          |       |       |       |     1 |     1 |    20 |       |       ||    22
       Great sword       |       |       |       |       |       |    21 |     9 |       ||    30
       Double sword      |       |       |       |       |       |       |       |    15 ||    15
